 Dungeon Crawl Stone Soup version 0.29-a0-1061-gbc57f8fbdb (webtiles) character file.

Game seed: 10278688000131064601

151 BritishOli the Trooper (level 5, -6/42 HPs)
             Began as a Demonspawn Fighter on Aug 18, 2022.
             Mangled by an iguana (8 damage)
             ... on level 4 of the Dungeon.
             The game lasted 00:02:10 (4162 turns).

BritishOli the Trooper (Demonspawn Fighter)         Turns: 4162, Time: 00:02:10

Health: -6/42      AC:  6    Str: 18    XL:     5   Next: 11%
Magic:  5/5        EV:  9    Int:  9    God:
Gold:   211        SH:  5    Dex: 13    Spells: 4/4 levels left

rFire   . . .      SeeInvis .   o - +0 short sword (venom)
rCold   . . .      Faith    .   c - +0 buckler
rNeg    + . .      Spirit   .   b - +0 scale mail
rPois   .          Reflect  .   (no helmet)
rElec   .          Harm     .   (no cloak)
rCorr   .          Rampage  .   (no gloves)
Will    .....                   (no boots)
Stlth   ..........              (no amulet)
HPRegen 0.14/turn               l - ring of positive energy
MPRegen 0.09/turn               (no ring)

@: no status effects
A: hooves 1, ignite blood 2, demonic touch 1
a: no special abilities


You were on level 4 of the Dungeon.
You visited 1 branch of the dungeon, and saw 4 of its levels.

You collected 211 gold pieces.

Inventory:

Hand Weapons
 a - a +0 long sword
 o - a +0 short sword of venom (weapon)
Armour
 b - a +0 scale mail (worn)
 c - a +0 buckler (worn)
Jewellery
 g - a ring of magical power
 l - a ring of positive energy (left hand)
Scrolls
 f - 5 scrolls of identify {unknown}
 h - a scroll of vulnerability {unknown}
 m - 2 scrolls of poison {unknown}
 n - a scroll of enchant weapon {unknown}
 p - 2 scrolls of immolation {unknown}
 q - a scroll of teleportation {unknown}
 s - a scroll of noise {unknown}
Potions
 d - a potion of might
 e - 2 potions of curing {unknown}
 i - a potion of haste {unknown}
 j - 2 potions of heal wounds {unknown}
 k - a potion of attraction {unknown}
 r - a potion of lignification {unknown}


   Skills:
 * Level 4.0 Fighting
 * Level 3.0 Long Blades
 + Level 3.4 Armour
 + Level 3.3 Shields


You had 4 spell levels left.
You didn't know any spells.
Your spell library contained the following spells:

 Spells                   Type           Power      Damage    Failure   Level
 Freeze                   Ice            0%         1d3       86%         1
 Blink                    Tloc           0%         N/A       94%         2
 Frozen Ramparts          Ice            0%         1d1       99%         3
 Hailstorm                Conj/Ice       0%         3d3       100%        4
 Manifold Assault         Tloc           0%         N/A       100%        5
 Storm Form               Tmut/Air       0%         N/A       100%        7


Dungeon Overview and Level Annotations

Branches:
Dungeon (4/15)
 Temple: D:4-7

Altars:

Annotations:
D:4 2 runed translucent doors, flestrin's ghost, amateur OgGl


Innate Abilities, Weirdness & Mutations

You have large cloven feet.
Your demonic aura often causes spilled blood to erupt in flames.
Your touch may inflict minor irresistible damage on your foes.


Message History

The adder is moderately wounded.
You feel sick. The adder closely misses you.
There are monsters nearby!
You closely miss the adder. You kick the adder.
The adder is moderately wounded.
You feel sick. The adder bites you but does no damage. The adder bites you.
You are more poisoned.
The adder poisons you!
There are monsters nearby!
You hit the adder.
The adder looks as sick as possible!
You kick the adder.
The adder is severely wounded.
You feel sick. The iguana barely misses you.
The adder is engulfed in blazing flames.
You kill the adder!
Your Fighting skill increases to level 4!
There are monsters nearby!
You hit the iguana but do no damage. You kick the iguana, but do no damage.
You feel sick.
The iguana hisses menacingly.
The iguana bites you.
The goblin unwields a +0 sling.
The goblin wields a +0 club.
The goblin hits you but does no damage. You block the iguana's attack.
There are monsters nearby!
You hit the iguana but do no damage.
The iguana is poisoned.
You feel sick. The goblin completely misses you. The iguana bites you!
There are monsters nearby!
You feel sick. The goblin closely misses you. The iguana bites you.
* * * LOW HITPOINT WARNING * * *
You feel sick. The goblin hits you with a +0 club.
* * * LOW HITPOINT WARNING * * *
The iguana bites you.
* * * LOW HITPOINT WARNING * * *
Unknown command.
You feel sick. The goblin barely misses you.
The iguana bites you but does no damage.
You feel sick.
You are no longer poisoned.
The goblin hits you but does no damage. The iguana barely misses you.
The goblin misses you. The iguana bites you!
You die...

#... #... .###... ....... .......
....# #### ....... #...# #...
###### #...#### ##...###...
#....# #..l@..# 8...8 #...
###....# #..g...# #...# #...
.##....# ##......#####...# #...
.......# #..........##...###...
.####.## #.......####8...8##...
... #.######.######...##...###...
###.#........# #........###...
...........(.#########.###.....##
###.#........##......#.# ######..


You could see an iguana (poisoned) and a goblin.

Vanquished Creatures
  An iguana (D:4)
  4 adders
  An ufetubus (D:4)
  3 worms (D:2)
  2 dart slugs
  3 orcs (D:3)
  6 ball pythons
  2 endoplasms (D:4)
  2 giant cockroaches
  8 goblins
  9 hobgoblins
  5 jackals
  4 kobolds
  5 quokkas
  5 bats
  5 frilled lizards
65 creatures vanquished.

Notes
Turn   | Place    | Note
-------+----------+-------------------------------------------
     0 | D:1      | BritishOli the Demonspawn Fighter began the quest for the
                  | Orb.
     0 | D:1      | Reached XP level 1. HP: 18/18 MP: 1/1
   279 | D:1      | Gained mutation: Your demonic aura sometimes causes spilled
                  | blood to erupt in flames. [demonic ancestry]
   279 | D:1      | Reached XP level 2. HP: 23/24 MP: 2/2
  1081 | D:1      | Found a faded altar of an unknown god.
  1387 | D:2      | Discovered your monstrous ancestry.
  1387 | D:2      | Gained mutation: You have large cloven feet. [demonic
                  | ancestry]
  1387 | D:2      | Reached XP level 3. HP: 21/29 MP: 3/3
  2681 | D:3      | Gained mutation: Your demonic aura often causes spilled
                  | blood to erupt in flames. [demonic ancestry]
  2681 | D:3      | Reached XP level 4. HP: 25/35 MP: 4/4
  3939 | D:4      | Found a large runed translucent door.
  3939 | D:4      | Found a large runed translucent door.
  3940 | D:4      | Noticed flestrin's ghost (amateur OgGl)
  4018 | D:4      | Gained mutation: Your touch may inflict minor irresistible
                  | damage on your foes. [demonic ancestry]
  4018 | D:4      | Reached XP level 5. HP: 33/42 MP: 5/5
  4156 | D:4      | Reached skill level 4 in Fighting
  4160 | D:4      | HP: 2/42 [poisoned by an adder]
  4162 | D:4      | Mangled by an iguana

Illustrated notes

Levels and vault maps discovered:
D:1:      minmay_arrival_split_and_join, layout_loops_ring,
          nicolae_ecumenical_lake_church
D:2:      layout_loops_corners, nicolae_wormholes
D:3:      layout_basic, grunt_ministairs_15, minmay_misc_feat_square,
          kennysheep_cross_room
D:4:      layout_basic, tso_metal_star, serial_corexii_hall,
          corexii_hall_statues_x, corexii_hall_statues_t,
          ebering_ghost_disaster_area, kennysheep_generic_room_7

Skill      XL: |  1  2  3  4  5 |
---------------+----------------+-----
Long Blades    | 2 3 |  3.0
Armour         | 3 |  3.4
Shields        | 3 |  3.3
Fighting       | 4 |  4.0

Action                   |  1- 3 |  4- 6 || total
-------------------------+-------+-------++-------
Melee: Long sword        |   119 |       ||   119
       Short sword       |    12 |    66 ||    78
       Kick              |    10 |    19 ||    29
Armor: Scale mail        |    68 |    26 ||    94
Dodge: Dodged            |    62 |    23 ||    85
Block: Buckler           |    28 |    19 ||    47

Table legend: (Time is in decaauts)
 A = Elapsed time spent in this place.
 B = Non-inter-level travel time spent in this place.
 C = Inter-level travel time spent in this place.
 D = Time resting spent in this place.
 E = Time spent auto-exploring this place.
 F = Levels seen in this place.
 G = Mean time per level.
                   A        B        C        D        E       F      G
               +--------+--------+--------+--------+--------+-----+--------+
         Total |   4207 |   4094 |    113 |    363 |   3283 |   4 | 1051.8 |
       Dungeon |   4207 |   4094 |    113 |    363 |   3283 |   4 | 1051.8 |
               +--------+--------+--------+--------+--------+-----+--------+

Top non-repeatable levels by time:
     D:1: 1392 daAuts
     D:2: 1316 daAuts
     D:3: 1035 daAuts
     D:4: 461 daAuts
